 Dungeon Crawl Stone Soup version 0.30.1-9-gdf580d7c3d (webtiles) character file.

Game seed: 15732254835202682437

25 KittyFluff the Trooper (level 3, -1/23 HPs)
             Began as a Gargoyle Berserker on Oct 15, 2023.
             Was a Follower of Trog.
             Slain by Terence
             ... wielding a +0 trident
              (6 damage)
             ... on level 2 of the Dungeon.
             The game lasted 00:03:18 (864 turns).

KittyFluff the Trooper (Gargoyle Berserker)          Turns: 864, Time: 00:03:19

Health: -1/23      AC:  5    Str: 22    XL:     3   Next: 6%
Magic:  3/3        EV: 12    Int:  7    God:    Trog [*.....]
Gold:   49         SH:  0    Dex:  9    Spells: 2/2 levels left

rFire   . . .        a - +0 mace
rCold   . . .        (no shield)
rNeg    + . .        b - +0 animal skin
rPois   ∞            (no helmet)
rElec   +            (no cloak)
rCorr   .            (no gloves)
SInv    .            (no boots)
Will    .....        c - amulet of the acrobat
Stlth   +            (no ring)
HPRegen 0.23/turn    (no ring)
MPRegen 0.08/turn

%: acrobat
@: no status effects
A: sickness immunity, AC +3, negative energy resistance 1, electricity
resistance, torment resistance 1, petrification resistance
a: Renounce Religion, Berserk


You were on level 2 of the Dungeon.
You worshipped Trog.
Trog was aware of your devotion.
You visited 1 branch of the dungeon, and saw 2 of its levels.

You collected 49 gold pieces.

Inventory:

Hand Weapons
 a - a +0 mace (weapon)
 f - a +0 sling
Armour
 b - a +0 animal skin (worn)
Jewellery
 c - an amulet of the acrobat (around neck)
 d - a +6 ring of intelligence
Scrolls
 e - a scroll of identify {unknown}
 h - a scroll of vulnerability {unknown}
 k - a scroll of teleportation {unknown}
Potions
 g - a potion of degeneration {unknown}
 i - 2 potions of might {unknown}
 j - a potion of haste {unknown}


   Skills:
 + Level 3.6 Fighting
 + Level 3.2 Maces & Flails
 + Level 2.6 Armour
 + Level 2.0 Dodging


You had 2 spell levels left.
You didn't know any spells.
Your spell library was empty.

Dungeon Overview and Level Annotations

Branches:
Dungeon (2/15)

Altars:

Annotations:
D:2 Terence


Innate Abilities, Weirdness & Mutations

You are immune to sickness and miasma.
Your stone body is resilient. (AC +3)
You are immune to poison.
You resist negative energy. (rN+)
You are resistant to electric shocks. (rElec)
You are resistant to unholy torment.
You are immune to petrification.


Message History

Found 8 gold pieces.
There is a stone staircase leading up here.
You now have 49 gold pieces (gained 8).
Found a scroll labelled UREGUH DOXTO.
Found 7 gold pieces.
Found 8 gold pieces.
Found a stone staircase leading down.
k - a scroll labelled UREGUH DOXTO
Found 2 sedimented coppery potions and 4 gold pieces.
Terence the Incautious comes into view.
He is wielding a +0 trident.
Found a stone staircase leading down.
Terence completely misses you. Terence completely misses you.
You hit Terence but do no damage. Terence closely misses you.
You barely miss Terence. Terence misses you.
Terence hits you with a +0 trident!
You sock Terence!
Terence is heavily wounded.
Terence hits you with a +0 trident.
You hit Terence.
Terence is heavily wounded.
Terence hits you with a +0 trident.
You hit Terence.
Terence is heavily wounded.
Terence hits you with a +0 trident.
* * * LOW HITPOINT WARNING * * *
Terence closely misses you.
You hit Terence but do no damage. You punch Terence, but do no damage.
Terence is heavily wounded.
Terence barely misses you.
You hit Terence.
Terence is severely wounded.
Terence hits you but does no damage.
You closely miss Terence.
Terence is severely wounded.
Terence hits you with a +0 trident.
* * * LOW HITPOINT WARNING * * *
You closely miss Terence.
Terence is severely wounded.
Terence hits you with a +0 trident.
You die...

#.# #. #.#####
#.. #.#...
#..####.#.#
..........# #
......$...#.#
..#...>.$...#
..#!.....#...#
..$....@.##....
..##...@.# ....
........... ..#
...#......#...#
...>..##... ##
...... .#.#
#..... .#.#
###... ...#


You could see Terence.

Vanquished Creatures
  A ball python (D:1)
  4 bats (D:1)
  An endoplasm (D:1)
  3 giant cockroaches (D:1)
  2 goblins (D:1)
  3 hobgoblins (D:1)
  4 jackals (D:1)
  A frilled lizard (D:1)
  2 rats (D:1)
21 creatures vanquished.

Notes
Turn   | Place    | Note
-------+----------+-------------------------------------------
     0 | D:1      | KittyFluff the Gargoyle Berserker began the quest for the
                  | Orb.
     0 | D:1      | Reached XP level 1. HP: 14/14 MP: 1/1
   200 | D:1      | Reached XP level 2. HP: 19/19 MP: 2/2
   499 | D:1      | You fall into a shaft and drop 1 floor!
   524 | D:2      | Found a faded altar of an unknown god.
   601 | D:1      | Reached XP level 3. HP: 18/23 MP: 3/3
   851 | D:2      | Noticed Terence
   864 | D:2      | Slain by Terence

Illustrated notes

Levels and vault maps discovered:
D:1:      wheals_arrival_shading, layout_loops_ring
D:2:      cheibrodos_greedy_goblins, layout_rooms,
          hellmonk_ecumenical_altar_leap_of_faith, nrook_campfire,
          minmay_increasing_density, uniq_terence

Skill      XL: |  1  2 |
---------------+-------+-----
Dodging        | 2 |  2.0
Fighting       | |  3.6
Maces & Flails | |  3.2
Armour         | |  2.6

Action                     || total
---------------------------++-------
  Melee: Mace              ||    73
         Punch             ||     2
 Armour: Animal skin       ||    29
  Dodge: Dodged            ||    80
